 Dungeon Crawl Stone Soup version 0.31.0-2-g5a2aebc5c2 (webtiles) character file.

Game seed: 5835504012488927036

1304 stipulation the Grappler (level 8, -1/63 HPs)
             Began as a Ghoul Monk on Jan 21, 2024.
             Was a Believer of Wu Jian.
             Slain by a gnoll
             ... wielding a +0 flail
              (10 damage)
             ... on level 6 of the Dungeon.
             The game lasted 00:02:09 (3662 turns).

stipulation the Grappler (Ghoul Monk)               Turns: 3662, Time: 00:02:10

Health: -1/63      AC: 11    Str: 17    XL:     8   Next: 57%
Magic:  0/8        EV:  5    Int:  9    God:    Wu Jian [**....]
Gold:   287        SH:  0    Dex: 11    Spells: 7/7 levels left

rFire   . .          .
                       - Unarmed
rCold   + . .        c - orb {light}
rNeg    + + +        d - +0 plate armour
rPois   ∞            (no helmet)
rElec   .            (no cloak)
rCorr   .            (no gloves)
SInv    .            (no boots)
Will    .....        l - amulet of guardian spirit Stlth
                     (no ring)
HPRegen 0.00/turn    (no ring)
MPRegen 0.11/turn

%: guardian spirit
@: weakened, inhibited regen, glowing
A: claws 1, cold resistance 1, negative energy resistance 3, inhibited
regeneration, torment resistance 2, devour on kill
a: Renounce Religion, Wall Jump


You were on level 6 of the Dungeon.
You worshipped Wu Jian.
Wu Jian was pleased with you.
You visited 2 branches of the dungeon, and saw 7 of its levels.

You collected 287 gold pieces.

Inventory:

Armour
 a - a +0 robe
 c - an orb of light (worn)
 d - a +0 plate armour (worn)
Jewellery
 i - a ring of fire
 l - an amulet of guardian spirit (around neck)
Scrolls
 j - a scroll of enchant armour {unknown}
 m - a scroll of fear {unknown}
 n - a scroll of teleportation
 o - 2 scrolls of enchant weapon {unknown}
 p - a scroll of identify {unknown}
 q - 5 scrolls of vulnerability
 s - 2 scrolls of revelation {unknown}
 t - a scroll of butterflies {unknown}
 u - a scroll of poison {unknown}
Potions
 b - a potion of ambrosia
 e - 3 potions of degeneration {unknown}
 f - a potion of magic {unknown}
 g - 3 potions of curing {unknown}
 h - 2 potions of lignification {unknown}
 k - 2 potions of heal wounds {unknown}
 r - a potion of mutation {unknown}
 v - a potion of enlightenment {unknown}
 w - a potion of resistance {unknown}


   Skills:
 - Level 3.2 Fighting
 + Level 3.0 Armour
 - Level 2.6 Dodging
 + Level 10.9 Unarmed Combat


You had 7 spell levels left.
You didn't know any spells.
Your spell library contained the following spells:

 Spells                   Type           Power      Damage    Failure   Level
 Kiss of Death            Conj/Necr      0%         2d5       100%        1
 Scorch                   Fire           0%         2d5       100%        2
 Confusing Touch          Hex            0%         N/A       100%        3
 Tukima's Dance           Hex            0%         N/A       100%        3
 Dimensional Bullseye     Hex/Tloc       0%         N/A       100%        4
 Dispel Undead            Necr           0%         3d6       100%        4
 Flame Wave               Conj/Fire      0%         2d4       100%        4
 Ignite Poison            Fire/Alch      0%         N/A       100%        4
 Iskenderun's Mystic Bla  Conj/Tloc      0%         2d3       100%        4
 Sticky Flame             Fire/Alch      0%         2d4       100%        4
 Summon Cactus Giant      Summ           0%         N/A       100%        6
 Ignition                 Fire           0%         3d3       100%        8


Dungeon Overview and Level Annotations

Branches:
Dungeon (6/15)             Temple (1/1) D:6

Altars:
Ashenzari
Cheibriados
Dithmenos
Fedhas
Gozag
Kikubaaqudgha
Makhleb
Nemelex Xobeh
Okawaru
Qazlal
Ru
Sif Muna
Trog
Uskayaw
Wu Jian
Xom

Annotations:
D:2 1 runed translucent door, Crazy Yiuf


Innate Abilities, Weirdness & Mutations

You are immune to poison.
You have sharp fingernails.
Your flesh is cold resistant. (rC+)
You are immune to negative energy. (rN+++)
You do not regenerate when monsters are visible.
You are immune to unholy pain and torment.
You thrive by killing the living.


Message History

You scratch the gnoll but do no damage.
The gnoll is severely wounded.
The gnoll hits you but does no damage.
The gnoll sergeant hits you from afar with a +0 spear!
The gnoll bouda gazes fiercely through you!
You feel your attacks grow feeble.
You scratch the gnoll but do no damage.
The gnoll is severely wounded.
The gnoll sergeant hits you from afar with a +5 spear of flaming!
The gnoll sergeant burns you.
The gnoll sergeant hits you from afar with a +0 spear!
* * * LOW HITPOINT WARNING * * *
The gnoll hits you with a +0 flail.
* * * LOW HITPOINT WARNING * * *
You are too injured to fight recklessly!
You are too injured to fight recklessly!
You are too injured to fight recklessly!
You are too injured to fight recklessly!
You are too injured to fight recklessly!
You are too injured to fight recklessly!
You are too injured to fight recklessly!
You are too injured to fight recklessly!
You are too injured to fight recklessly!
You are too injured to fight recklessly!
You are too injured to fight recklessly!
You are too injured to fight recklessly!
You are too injured to fight recklessly!
The gnoll sergeant attacks as it pursues you!
The gnoll sergeant hits you but does no damage.
Things that are here:
a +0 whip; a gnoll corpse The gnoll attacks as it pursues you!
The gnoll hits you but does no damage.
The gnoll bouda barks out a call to the hunt!
The gnoll bouda picks up the pace!
The gnoll sergeant hits you from afar with a +5 spear of flaming.
* * * LOW HITPOINT WARNING * * *
The gnoll sergeant burns you.
* * * LOW HITPOINT WARNING * * *
The gnoll hits you with a +0 flail!
You die...

........## #.#.#.......
.......## #.#....#.###
##........##.##. ♣♣♣♣
.#..###.......#.. ..)♣ ...
##...##...... #..♣♣
#.##....##.....#
..#....♣♣♣ #...#...#......
..#..♣$.)♣♣#.....#.#...#..
..gg..ggg@...##..#.#.###..
..#.♣.)g.♣♣##..........#..
. #..).♣♣♣ #..##..........
#..♣♣ #####.........# ...♣
##......... ♣♣♣♣
.######.........
......>.........
.######.......#.
#.......#.


You could see 2 gnoll sergeants, 2 gnoll boudas and 2 gnolls.

Vanquished Creatures
  Grinder (D:5)
  Sigmund (D:2)
  Edmund (D:5)
  A water moccasin (D:6)
  An ice beast (D:6)
  2 black bears
  A scorpion (D:5)
  2 gnoll sergeants (D:6)
  3 hounds
  A bombardier beetle (D:3)
  Ijyb (D:4)
  5 adders
  2 gnolls (D:6)
  3 dart slugs
  A ribbon worm (D:2)
  2 orcs
  7 ball pythons
  7 bats
  6 endoplasms
  2 giant cockroaches
  5 goblins
  3 hobgoblins (D:1)
  11 jackals
  4 quokkas
  4 frilled lizards
  A kobold (D:1)
  5 rats
  2 butterflies (D:1)
85 creatures vanquished.

Notes
Turn   | Place    | Note
-------+----------+-------------------------------------------
     0 | D:1      | stipulation the Ghoul Monk began the quest for the Orb.
     0 | D:1      | Reached XP level 1. HP: 19/19 MP: 1/1
   126 | D:1      | Reached XP level 2. HP: 26/26 MP: 2/2
   129 | D:1      | Reached skill level 4 in Unarmed Combat
   283 | D:1      | Reached XP level 3. HP: 29/31 MP: 3/3
   728 | D:2      | Reached skill level 5 in Unarmed Combat
   932 | D:2      | Reached XP level 4. HP: 38/38 MP: 4/4
   977 | D:2      | Noticed Sigmund
  1004 | D:2      | Killed Sigmund
  1005 | D:2      | Reached skill level 7 in Unarmed Combat
  1005 | D:2      | Reached XP level 5. HP: 6/45 MP: 5/5
  1256 | D:2      | Found a runed translucent door.
  1257 | D:2      | Noticed Crazy Yiuf
  1431 | D:3      | Reached XP level 6. HP: 48/51 MP: 6/6
  1997 | D:4      | Found an ancient bone altar of Kikubaaqudgha.
  2150 | D:4      | Noticed Ijyb
  2171 | D:4      | Killed Ijyb
  2449 | D:5      | Entered Level 5 of the Dungeon
  2528 | D:5      | Reached skill level 8 in Unarmed Combat
  2536 | D:5      | Reached XP level 7. HP: 40/57 MP: 7/7
  2676 | D:5      | Noticed Grinder
  2679 | D:5      | Paralysed by Grinder for 2 turns
  2688 | D:5      | Paralysed by Grinder for 4 turns
  2696 | D:5      | Killed Grinder
  2697 | D:5      | Reached skill level 9 in Unarmed Combat
  2790 | D:5      | Identified the +7 scale mail of Negligence {rC+ rN+++ Str+3
                  | Dex-3}
  2867 | D:5      | Noticed Edmund
  2875 | D:5      | Killed Edmund
  2912 | D:5      | Reached skill level 10 in Unarmed Combat
  2912 | D:5      | Reached XP level 8. HP: 63/63 MP: 8/8
  3124 | D:5      | Found a sparkling altar of Nemelex Xobeh.
  3124 | D:5      | Found a burning altar of Makhleb.
  3384 | D:6      | Reached skill level 1 in Armour
  3561 | D:6      | Found a staircase to the Ecumenical Temple.
  3582 | Temple   | Entered the Ecumenical Temple
  3602 | Temple   | Became a worshipper of the Wu Jian Council
  3602 | Temple   | Reached * piety under Wu Jian
  3602 | Temple   | Reached ** piety under Wu Jian
  3662 | D:6      | Slain by a gnoll

Illustrated notes

Levels and vault maps discovered:
D:1:      spicycebolla_arrival_clurvy, layout_basic, minmay_bisected
D:2:      layout_rooms, uniq_crazy_yiuf_cottage, uniq_sigmund
D:3:      layout_rooms
D:4:      layout_loops_cross, mainiacjoe_overflow_cross_hatched,
          minmay_misc_feat_five, uniq_ijyb
D:5:      cheibrodos_quashed, layout_cave_pods,
          mainiacjoe_overflow_divided_tiny, uniq_grinder, uniq_edmund
D:6:      layout_rooms, minmay_temple_entry_tees, pf_guarded_unrand_woodcutter
Temple:   hellmonk_temple_of_storms

Skill      XL: |  1  2  3  4  5  6  7  8 |
---------------+-------------------------+-----
Unarmed Combat | 4 5 7 8 10 | 10.9
Armour         | 3 |  3.0
Fighting       | |  3.2
Dodging        | |  2.6

Action                     |  1- 3 |  4- 6 |  7- 9 || total
---------------------------+-------+-------+-------++-------
  Melee: Unarmed           |    94 |    83 |    51 ||   228
Ability: Lunge             |       |       |     3 ||     3
    Use: Scroll            |       |     3 |       ||     3
 Armour: Plate armour      |    72 |    59 |    54 ||   185
         Robe              |     2 |       |       ||     2
  Dodge: Dodged            |    24 |    19 |    10 ||    53
